 Dungeon Crawl Stone Soup version 0.31-a0-876-gfe8ebadbca (webtiles) character file.

Game seed: 14814634470726142470

2163 BinkBink the Cleaver (level 9, -1/79 HPs)
             Began as a Hill Orc Fighter on Oct 12, 2023.
             Was a Follower of Qazlal.
             Slain by a kobold brigand
             ... wielding a +0 war axe
              (8 damage)
             ... in a bailey.
             The game lasted 00:12:21 (7516 turns).

BinkBink the Cleaver (Hill Orc Fighter)             Turns: 7516, Time: 00:12:22

Health: -1/79      AC:  9    Str: 23    XL:     9   Next: 32%
Magic:  9/9        EV:  9    Int: 14    God:    Qazlal [*.....]
Gold:   92         SH:  6    Dex: 10    Spells: 8/8 levels left

rFire   + . .        a - +0 war axe
rCold   . . .        c - +0 buckler
rNeg    + . .        b - +0 scale mail
rPois   .            (no helmet)
rElec   .            z - scarf {repulsion}
rCorr   .            n - +0 pair of gloves
SInv    .            (no boots)
Will    +....        (no amulet) Stlth
                     B - ring "Vurenkoo" {rF+ Will+ Int+6}
HPRegen 0.33/turn    y - ring of positive energy
MPRegen 0.11/turn

%: repel missiles
@: no status effects
A: no striking features
a: Renounce Religion


You were in a bailey.
You worshipped Qazlal.
Qazlal was aware of your devotion.
You visited 2 branches of the dungeon, and saw 8 of its levels.
You also visited: Sewer and Bailey.

You collected 260 gold pieces.
You spent 168 gold pieces at shops.

Inventory:

Hand Weapons
 a - a +0 war axe (weapon)
Armour
 b - a +0 scale mail (worn)
 c - a +0 buckler (worn)
 n - a +0 pair of gloves (worn)
 z - a scarf of repulsion (worn)
Jewellery
 w - a ring of willpower
 y - a ring of positive energy (right hand)
 B - the ring "Vurenkoo" (left hand) {rF+ Will+ Int+6}
   (You found it on level 7 of the Dungeon)

   [ring of intelligence]

   Int+6:     It affects your intelligence (+6).
   rF+:       It protects you from fire.
   Will+:     It increases your willpower.
Wands
 C - a wand of roots (10)
 D - a wand of flame (24)
Scrolls
 e - 5 scrolls of identify {unknown}
 g - a scroll of vulnerability {unknown}
 l - 3 scrolls of fog {unknown}
 m - 3 scrolls of poison {unknown}
 o - 3 scrolls of fear {unknown}
 p - 3 scrolls of teleportation {unknown}
 q - a scroll of butterflies {unknown}
 s - a scroll of acquirement {unknown}
 v - a scroll of torment {unknown}
 A - a scroll of noise {unknown}
Potions
 d - a potion of might
 f - a potion of curing
 h - 2 potions of degeneration {unknown}
 i - 2 potions of heal wounds {unknown}
 j - a potion of berserk rage {unknown}
 k - a potion of haste {unknown}
 r - 2 potions of enlightenment {unknown}
 t - 2 potions of attraction {unknown}
 u - 2 potions of mutation {unknown}
 x - a potion of lignification {unknown}


   Skills:
 + Level 7.3 Fighting
 * Level 10.4 Axes
 + Level 6.7 Armour
 + Level 6.7 Shields


You had 8 spell levels left.
You didn't know any spells.
Your spell library contained the following spells:

 Spells                   Type           Power      Damage    Failure   Level
 Kiss of Death            Conj/Necr      0%         2d5       61%         1
 Scorch                   Fire           0%         2d5       75%         2
 Confusing Touch          Hex            0%         N/A       93%         3
 Tukima's Dance           Hex            0%         N/A       93%         3
 Dispel Undead            Necr           0%         3d6       100%        4
 Flame Wave               Conj/Fire      0%         2d4       100%        4
 Passage of Golubria      Tloc           0%         N/A       100%        4
 Yara's Violent Unravell  Hex/Tmut       0%         3d3       100%        5
 Summon Cactus Giant      Summ           0%         N/A       100%        6


Dungeon Overview and Level Annotations

Branches:
Dungeon (7/15)             Temple (1/1) D:4           Sewer (visited)
 Bailey (1/1)

Altars:
Ashenzari
Dithmenos
Elyvilon
Gozag
Hepliaklqana
Kikubaaqudgha
Nemelex Xobeh
Qazlal
Ru
Sif Muna
Trog
Vehumet
Wu Jian
Xom
Yredelemnul
Zin
The Shining One

Shops:
D:3 =   D:6 *

Annotations:
D:6 3 runed translucent doors, Kiciri's ghost, novice DrSh


Message History

The kobold brigand barely misses you. The kobold brigand closely misses you.
You slash the kobold brigand!
You kill the kobold brigand!
Qazlal accepts your kill.
You hit the kobold brigand but do no damage.
You slash the kobold brigand! You block the kobold brigand's attack.
The kobold brigand hits you with a +0 war axe!
* * * LOW HITPOINT WARNING * * *
You hit the kobold brigand but do no damage.
The kobold brigand is moderately wounded.
You hit the kobold brigand but do no damage.
The kobold brigand hits you with a +0 war axe!
* * * LOW HITPOINT WARNING * * *
The kobold brigand closely misses you.
You slash the kobold brigand!
The kobold brigand is heavily wounded.
You hit the kobold brigand but do no damage.
The kobold brigand is engulfed in blazing flames.
The kobold brigand barely misses you.
The kobold brigand hits you but does no damage.
You slash the kobold brigand!
The kobold brigand is severely wounded.
You hit the kobold brigand.
The kobold brigand is engulfed in blazing flames.
You kill the kobold brigand!
Qazlal accepts your kill.
The kobold brigand hits you with a +0 war axe!
* * * LOW HITPOINT WARNING * * *
You feel better. You block the kobold brigand's attack.
You closely miss the kobold brigand.
The kobold brigand is severely wounded.
You block the kobold brigand's attack.
You barely miss the kobold brigand.
The kobold brigand is severely wounded.
The kobold brigand hits you with a +0 war axe.
* * * LOW HITPOINT WARNING * * *
You hit the kobold brigand.
The kobold brigand is severely wounded.
The kobold brigand hits you with a +0 war axe!
You die...

####### ##.....##
#...∩.))#
#.......#
##..∩.)## ##'')##
#○.(# #)@.# #.K)#
####...####
##~.......~##
#~~.......~~#####
.~~.......~~....#
#~~.......~~###.#
.~~.......~~...
##~~.......~~###


You could see a kobold brigand.

Vanquished Creatures
  Sigmund (D:3)
  A water moccasin (D:6)
  An ice beast (D:7)
  An orc warrior (Bailey)
  3 sky beasts (D:6)
  An ogre (D:6)
  6 kobold brigands (Bailey)
  A scorpion (D:6)
  A centaur zombie (D:6)
  3 hounds
  A bullfrog zombie (D:6)
  5 orc priests
  A gnoll bouda (D:4)
  A sleepcap (D:7)
  2 iguanas
  5 orc wizards
  Robin (D:3)
  8 gnolls (D:4)
  10 adders
  A river rat (Sewer)
  A shadow imp (D:5)
  An ufetubus (D:5)
  6 worms
  2 dart slugs (D:1)
  17 orcs
  7 endoplasms
  3 giant cockroaches (D:3)
  15 goblins
  6 hobgoblins
  8 jackals
  7 quokkas
  11 ball pythons
  9 bats
  4 frilled lizards
  7 kobolds
  7 rats
165 creatures vanquished.

Notes
Turn   | Place    | Note
-------+----------+-------------------------------------------
     0 | D:1      | BinkBink the Hill Orc Fighter began the quest for the Orb.
     0 | D:1      | Reached XP level 1. HP: 19/19 MP: 1/1
    34 | D:1      | Reached skill level 3 in Axes
    36 | D:1      | Reached XP level 2. HP: 22/27 MP: 2/2
   489 | D:1      | Reached XP level 3. HP: 33/33 MP: 3/3
  1198 | D:2      | Reached skill level 4 in Axes
  1355 | D:3      | Reached XP level 4. HP: 35/40 MP: 4/4
  1375 | D:3      | Found Pigrafof's Jewellery Shoppe.
  1409 | D:3      | Found a shimmering blue altar of Sif Muna.
  1447 | D:3      | Found a glowing drain.
  1472 | Sewer    | Entered a sewer
  1982 | D:3      | Reached XP level 5. HP: 41/47 MP: 5/5
  2198 | D:3      | Noticed Robin
  2207 | D:3      | Reached skill level 5 in Axes
  2210 | D:3      | Killed Robin
  2401 | D:3      | Noticed Sigmund
  2434 | D:3      | Killed Sigmund
  2435 | D:3      | Reached skill level 5 in Fighting
  2435 | D:3      | Reached skill level 6 in Axes
  2435 | D:3      | Reached XP level 6. HP: 22/56 MP: 6/6
  2561 | D:3      | Found a faded altar of an unknown god.
  2561 | D:3      | Noticed a hellwing
  3231 | D:4      | Reached XP level 7. HP: 54/61 MP: 7/7
  3264 | D:4      | Found a staircase to the Ecumenical Temple.
  3294 | Temple   | Entered the Ecumenical Temple
  3383 | Temple   | Became a worshipper of Qazlal Stormbringer
  3455 | D:4      | Found a white marble altar of Elyvilon.
  3584 | D:4      | Reached skill level 7 in Axes
  3584 | D:4      | Reached skill level 5 in Shields
  3612 | D:4      | Reached skill level 5 in Armour
  4245 | D:5      | Entered Level 5 of the Dungeon
  4592 | D:5      | Found a shadowy altar of Dithmenos.
  4822 | D:5      | Found a broken altar of Ashenzari.
  5405 | D:6      | HP: 3/62 [something (5)]
  5409 | D:6      | Reached XP level 8. HP: 4/70 MP: 8/8
  5411 | D:6      | Reached skill level 8 in Axes
  5647 | D:6      | Reached * piety under Qazlal
  6298 | D:6      | Found Hyschuf's Neck Hole.
  6306 | D:6      | Bought a scarf of repulsion for 168 gold pieces
  6378 | D:6      | Reached skill level 9 in Axes
  6386 | D:6      | Found a runed translucent gate.
  6386 | D:6      | Found a runed translucent gate.
  6386 | D:6      | Found a runed translucent gate.
  6386 | D:6      | Noticed Kiciri's ghost (novice DrSh)
  6428 | D:6      | Found a basalt altar of Yredelemnul.
  7003 | D:7      | Identified the ring "Vurenkoo" {rF+ Will+ Int+6}
  7058 | D:7      | Reached XP level 9. HP: 40/78 MP: 9/9
  7149 | D:7      | Found a flagged portal.
  7158 | Bailey   | Entered a bailey
  7400 | Bailey   | Reached skill level 10 in Axes
  7516 | Bailey   | Slain by a kobold brigand

Illustrated notes

Levels and vault maps discovered:
D:1:      lemuel_arrival_cross, layout_loops_cross
D:2:      layout_rooms
D:3:      layout_basic, overflow_temple_1_default, portal_sewer_entry_f,
          dreamdust_ecumenical_altar_sealed_demon, serial_shops,
          nicolae_shop_gaudy_bauble, minmay_misc_feat_ornament, uniq_robin,
          uniq_sigmund
D:4:      layout_gridville, old_standard_altar, temple_pool_b
D:5:      layout_loops_corners, cheibrodos_ashenzari_chains, lemuel_tele_altar
D:6:      layout_cave_pods, nicolae_yredelemnul_ghost_church,
          corexii_hall_statues_x, nicolae_shop_sticking_my_neck_out
D:7:      layout_gridville, enter_bailey_1, minivault_1, nicolae_zen_rock_garden
Temple:   hc_temple_tempest_star
Bailey:   bailey_axe_3, bailey

Skill      XL: |  1  2  3  4  5  6  7  8  9 |
---------------+----------------------------+-----
Axes           | 3 4 6 7 9 10 | 10.4
Fighting       | 4 5 6 7 |  7.3
Shields        | 4 5 6 |  6.7
Armour         | 4 5 6 |  6.7

Action                     |  1- 3 |  4- 6 |  7- 9 || total
---------------------------+-------+-------+-------++-------
  Melee: War axe           |   103 |   193 |   314 ||   610
    Use: Potion            |       |       |     4 ||     4
 Armour: Scale mail        |    70 |   142 |   273 ||   485
  Dodge: Dodged            |    53 |    90 |   105 ||   248
  Block: Buckler           |    18 |    35 |    80 ||   133

Table legend: (Time is in decaauts)
 A = Elapsed time spent in this place.
 B = Non-inter-level travel time spent in this place.
 C = Inter-level travel time spent in this place.
 D = Time resting spent in this place.
 E = Time spent auto-exploring this place.
 F = Levels seen in this place.
 G = Mean time per level.
                   A        B        C        D        E       F      G
               +--------+--------+--------+--------+--------+-----+--------+
         Total |   7730 |   7248 |    482 |   1103 |   4526 |  10 |  773.0 |
       Dungeon |   6667 |   6299 |    368 |    866 |   4203 |   7 |  952.4 |
        Temple |    116 |      2 |    114 |      0 |      0 |   1 |  116.0 |
         Sewer |    585 |    585 |      0 |     41 |    295 |   1 |  585.0 |
        Bailey |    359 |    359 |      0 |    196 |     28 |   1 |  359.0 |
               +--------+--------+--------+--------+--------+-----+--------+

Top non-repeatable levels by time:
     D:6: 1519 daAuts
     D:4: 1216 daAuts
     D:5: 1161 daAuts
     D:3: 1140 daAuts
     D:1: 898 daAuts
   Sewer: 585 daAuts
     D:2: 476 daAuts
  Bailey: 359 daAuts
     D:7: 255 daAuts
  Temple: 116 daAuts
